 Dungeon Crawl Stone Soup version 0.29.1-1-gd02db6906a (webtiles) character file.

Game seed: 6241647045045634533

342 LabCoat the Trooper (level 6, -14/56 HPs)
             Began as a Hill Orc Fighter on Oct 16, 2022.
             Demolished by an ogre
             ... wielding a +0 giant spiked club
              (21 damage)
             ... on level 4 of the Dungeon.
             The game lasted 00:09:34 (2955 turns).

LabCoat the Trooper (Hill Orc Fighter)              Turns: 2955, Time: 00:09:34

Health: -14/56     AC:  7    Str: 27    XL:     6   Next: 57%
Magic:  6/6        EV: 10    Int:  8    God:
Gold:   216        SH:  4    Dex: 10    Spells: 5/5 levels left

rFire   . . .      SeeInvis .   a - +1 war axe
rCold   . . .      Faith    .   c - +0 buckler
rNeg    . . .      Spirit   .   b - +0 scale mail
rPois   +          Reflect  .   (no helmet)
rElec   .          Harm     .   (no cloak)
rCorr   .          Rampage  .   (no gloves)
Will    .....                   (no boots)
Stlth   ..........              (no amulet)
HPRegen 0.18/turn               k - +6 ring of strength
MPRegen 0.10/turn               p - ring of poison resistance

@: no status effects
A: no striking features
a: no special abilities


You were on level 4 of the Dungeon.
You visited 1 branch of the dungeon, and saw 4 of its levels.

You collected 216 gold pieces.

Inventory:

Hand Weapons
 a - a +1 war axe (weapon)
 f - a +0 morningstar
Missiles
 d - 4 silver javelins (quivered)
 h - 9 poisoned darts
 l - 6 atropa-tipped darts
Armour
 b - a +0 scale mail (worn)
 c - a +0 buckler (worn)
Jewellery
 k - a +6 ring of strength (left hand)
 p - a ring of poison resistance (right hand)
Wands
 r - a wand of charming (6)
Scrolls
 e - a scroll of noise {unknown}
 g - a scroll of vulnerability {unknown}
 n - a scroll of blinking {unknown}
 q - a scroll of teleportation
Potions
 i - a potion of attraction
 j - a potion of mutation {unknown}
 m - a potion of lignification {unknown}
 o - a potion of curing {unknown}


   Skills:
 * Level 5.1 Fighting
 * Level 4.9 Axes
 + Level 1.6 Throwing
 + Level 4.1 Armour
 + Level 1.3 Dodging
 + Level 4.0 Shields
 + Level 1.6 Evocations


You had 5 spell levels left.
You didn't know any spells.
Your spell library contained the following spells:

 Spells                   Type           Power      Damage    Failure   Level
 Summon Small Mammal      Summ           0%         N/A       77%         1
 Call Canine Familiar     Summ           0%         N/A       98%         3
 Summon Guardian Golem    Hex/Summ       0%         N/A       98%         3


Dungeon Overview and Level Annotations

Branches:
Dungeon (4/15)
 Temple: D:4-7

Altars:
Okawaru


Message History

Found 7 stones.
Found a ring mail.
A giant cockroach comes into view.
You slash the giant cockroach!
You kill the giant cockroach!
No target in view!
Found a stone staircase leading down.
e - a scroll labelled NOLA GUFU KEB An orc comes into view.
It is wielding a +0 whip.
The orc shouts!
The orc hits you but does no damage.
You hit the orc.
The orc is heavily wounded.
The orc closely misses you.
You hit the orc.
You kill the orc!
Things that are here:
a +0 whip; a +0 leather armour; an orc corpse
Found a stone staircase leading down.
An ogre comes into view. It is wielding a +0 giant spiked club.
The ogre hits you with a +0 giant spiked club!
You barely miss the ogre. You hit the ogre.
The ogre is moderately wounded.
The ogre hits you with a +0 giant spiked club!!
Okay, then.
You barely miss the ogre.
The ogre is moderately wounded.
The ogre hits you with a +0 giant spiked club.
You barely miss the ogre.
The ogre is moderately wounded.
You block the ogre's attack.
You hit the ogre.
The ogre is heavily wounded.
The ogre hits you with a +0 giant spiked club!
* * * LOW HITPOINT WARNING * * *
Okay, then.
The ogre attacks as you move away!
The ogre hits you with a +0 giant spiked club!!
You die...

...# #### # #. #..
.# # #. #.# >#.#
##.#### #.#.....
..... #.#..#.##
####.... .........
.....># #.#..#.#
#.O.# #.#..# #..@#
#.#.############.#
.................#
.................#
..............##.#
#.#..
..#.#########.##.#
#.#.# ..#.#
#.##.#########.#.#
..#.#######
#.#....##.#..#.#.#
#.........#
#.#..#.##.#..#.#)#


You could see an ogre.

Vanquished Creatures
  A hornet (D:4)
  A hound (D:4)
  A gnoll (D:4)
  2 adders (D:2)
  A worm (D:3)
  7 orcs
  5 ball pythons
  8 bats
  5 endoplasms
  2 giant cockroaches
  7 goblins
  8 hobgoblins
  4 jackals (D:1)
  10 kobolds
  4 quokkas
  2 frilled lizards
  5 rats (D:1)
73 creatures vanquished.

Notes
Turn   | Place    | Note
-------+----------+-------------------------------------------
     0 | D:1      | LabCoat the Hill Orc Fighter began the quest for the Orb.
     0 | D:1      | Reached XP level 1. HP: 19/19 MP: 1/1
    35 | D:1      | Reached XP level 2. HP: 17/27 MP: 2/2
   540 | D:1      | Reached XP level 3. HP: 33/33 MP: 3/3
   571 | D:1      | Reached skill level 4 in Fighting
  1252 | D:2      | Reached XP level 4. HP: 40/40 MP: 4/4
  2312 | D:4      | Reached skill level 1 in Throwing
  2312 | D:4      | Reached skill level 1 in Evocations
  2312 | D:4      | Reached XP level 5. HP: 45/47 MP: 5/5
  2629 | D:4      | Noticed a hornet
  2641 | D:4      | Killed a hornet
  2642 | D:4      | Reached skill level 5 in Fighting
  2642 | D:4      | Reached skill level 1 in Dodging
  2642 | D:4      | Reached XP level 6. HP: 25/56 MP: 6/6
  2849 | D:4      | Found an iron altar of Okawaru.
  2955 | D:4      | Demolished by an ogre

Illustrated notes

Levels and vault maps discovered:
D:1:      spicycebolla_arrival_ecumenical, layout_rooms, serial_bayou_crossing
D:2:      minmay_general_purpose_star, layout_basic
D:3:      layout_loops_ring
D:4:      layout_basic, okawaru_altar_gauntlet_db, kennysheep_generic_room_10

Skill      XL: |  1  2  3  4  5 |
---------------+----------------+-----
Axes           | 3 4 |  4.9
Fighting       | 4 5 |  5.1
Throwing       | 1 |  1.6
Evocations     | 1 |  1.6
Armour         | 4 |  4.1
Dodging        | 1 |  1.3
Shields        | 4 |  4.0

Action                   |  1- 3 |  4- 6 || total
-------------------------+-------+-------++-------
Melee: War axe           |   117 |    83 ||   200
Throw: Javelin           |     1 |       ||     1
  Use: Scroll            |     4 |     3 ||     7
       Potion            |     1 |     1 ||     2
Armor: Scale mail        |    73 |    41 ||   114
Dodge: Dodged            |    63 |    27 ||    90
Block: Buckler           |    27 |    23 ||    50
